Map: Ruins of Seras

Players

BowmanSX (bowman)

  • Race: Protoss Protoss
  • League: Grandmaster

EJK - Winner!

  • Race: Terran Terran
  • League: Grandmaster

VOD

Have the link to the VOD?

Description

Time

  • Played on: Jan. 9, 2016, 7:14 p.m.
  • Length: 12:45
Show
View Real Time Build Order
Export as new Build Order

BowmanSX Protoss 

Build Orders: Nexus First, Phoenix Opening 

Get SALT Encoding   

  12  0:01  Probe (Chrono Boost)  
  13  0:12  Probe (Chrono Boost)  
  14  0:18  Pylon  
  14  0:24  Probe (Chrono Boost)  
  15  0:36  Probe (Chrono Boost)  
  16  0:47  Probe (Chrono Boost)  
  17  1:01  Nexus  
  17  1:04  Probe (Chrono Boost)  
  18  1:16  Gateway  
  18  1:18  Probe (Chrono Boost)  
  18  1:24  Assimilator  
  19  1:29  Probe (Chrono Boost)  
  20  1:33  Assimilator  
  21  1:40  Probe (Chrono Boost)  
  21  1:50  Probe (Chrono Boost)  
  22  1:54  Pylon  
  22  2:01  Probe (Chrono Boost)  
  23  2:04  Cybernetics Core  
  23  2:13  Probe x2 (Chrono Boost)  
  25  2:23  Probe (Chrono Boost)  
  25  2:24  Probe (Chrono Boost)  
  27  2:33  Assimilator  
  27  2:34  Probe x2 (Chrono Boost)  
  29  2:41  Stargate  
  29  2:44  Probe (Chrono Boost)  
  29  2:51  Robotics Facility  
  30  2:53  Warp Gate (Chrono Boost)  
  30  2:56  Probe (Chrono Boost)  
  30  2:57  Probe (Chrono Boost)  
  32  3:05  Mothership Core  
  32  3:11  Probe  
  35  3:16  Pylon  
  35  3:23  Probe  
  35  3:24  Phoenix (Chrono Boost)  
  35  3:25  Probe  
  39  3:35  Probe  
  39  3:36  Probe, Pylon  
  39  3:38  Observer (Chrono Boost)  
  42  3:43  Phoenix  
  42  3:47  Probe  
  45  3:48  Probe  
  46  3:59  Probe, Observer (Chrono Boost)  
  46  4:01  Probe  
  49  4:04  Assimilator  
  49  4:05  Phoenix  
  49  4:06  Forge  
  51  4:11  Probe  
  51  4:13  Probe  
  53  4:23  Probe  
  54  4:25  Probe  
  54  4:30  Observer (Chrono Boost)  
  56  4:34  Stargate  
  56  4:35  Probe, Phoenix  
  56  4:37  Probe  
  60  4:46  Nexus  
  60  4:50  Pylon  
  60  4:54  Pylon  
  60  4:57  Probe (Chrono Boost)  
  60  4:58  Probe (Chrono Boost)  
  62  5:02  Oracle  
  62  5:08  Probe (Chrono Boost)  
  62  5:10  Probe (Chrono Boost)  
  67  5:18  Probe (Chrono Boost), Phoenix  
  71  5:23  Probe (Chrono Boost)  
  71  5:26  Gateway  
  71  5:27  Gateway  
  71  5:29  Probe (Chrono Boost)  
  71  5:34  Probe (Chrono Boost)  
  73  5:38  Phoenix (Chrono Boost)  
  73  5:39  Probe (Chrono Boost)  
  76  5:43  Phoenix (Chrono Boost)  
  76  5:48  Stargate  
  78  5:58  Probe  
  78  6:01  Phoenix (Chrono Boost)  
  78  6:03  Probe  
  82  6:05  Phoenix (Chrono Boost), Assimilator  
  82  6:06  Assimilator  
  82  6:08  Protoss Air Armor Level 1  
  76  6:31  Phoenix x2 (Chrono Boost)  
  75  6:34  Probe x2  
  75  6:36  Probe  
  78  6:46  Probe x2  
  82  6:47  Phoenix (Chrono Boost)  
  82  6:52  Pylon  
  82  6:53  Phoenix x2 (Chrono Boost)  
  86  6:54  Pylon  
  86  6:56  Probe  
  86  6:58  Probe  
  86  6:59  Adept x2  
  92  7:04  Pylon  
  92  7:05  Pylon  
  92  7:07  Pylon  
  92  7:13  Phoenix (Chrono Boost)  
  92  7:15  Phoenix (Chrono Boost)  
  96  7:19  Phoenix (Chrono Boost)  
  98  7:27  Nexus  
  98  7:30  Pylon  
  98  7:34  Adept x3  
  98  7:36  Phoenix (Chrono Boost)  
  108  7:38  Phoenix (Chrono Boost)  
  104  7:53  Phoenix (Chrono Boost)  
  104  7:54  Pylon  
  104  7:55  Adept x3  
  104  7:58  Phoenix (Chrono Boost)  
  114  8:02  Pylon  
  114  8:03  Phoenix (Chrono Boost)  
  117  8:05  Probe  
  117  8:12  Photon Cannon  
  117  8:14  Photon Cannon  
  117  8:15  Phoenix (Chrono Boost)  
  117  8:18  Adept x3, Photon Cannon  
  125  8:22  Assimilator  
  125  8:26  Assimilator  
  125  8:34  Phoenix (Chrono Boost)  
  125  8:37  Phoenix (Chrono Boost)  
  125  8:38  Phoenix (Chrono Boost)  
  125  8:41  Adept x3  
  137  8:48  Probe  
  137  8:49  Probe  
  137  8:55  Protoss Air Weapons Level 1  
  139  8:56  Phoenix (Chrono Boost)  
  143  9:03  Phoenix (Chrono Boost)  
  143  9:04  Adept x3  
  141  9:27  Phoenix x2 (Chrono Boost)  
  141  9:31  Phoenix (Chrono Boost)  
  147  9:37  Fleet Beacon  
  147  9:38  Probe x2  
  147  9:39  Probe x2  
  147  9:44  Adept x3  
  157  9:48  Probe x2  
  157  9:49  Phoenix x2 (Chrono Boost)  
  159  10:14  Twilight Council  
  159  10:15  Stargate  
  159  10:18  Phoenix (Chrono Boost)  
  159  10:19  Phoenix (Chrono Boost)  
  163  10:22  Phoenix (Chrono Boost)  
  127  10:41  Adept x2  
  127  10:42  Adept  
  133  10:43  Probe x2  
  133  10:47  Carrier (Chrono Boost)  
  133  10:49  Carrier (Chrono Boost)  
  149  10:51  Graviton Catapult  
  149  10:54  Resonating Glaives, Carrier (Chrono Boost)  
  149  11:00  Gateway  
  149  11:02  Gateway  
  149  11:03  Probe, Gateway  
  149  11:04  Probe x3  
  150  11:11  Nexus  
  153  11:13  Pylon x2, Carrier (Chrono Boost)  
  153  11:16  Pylon  
  159  11:18  Assimilator  
  159  11:23  Adept x3, Assimilator  
  165  11:26  Probe x3  
  165  11:27  Probe  
  169  11:38  Probe  
  169  11:47  Pylon  
  169  11:49  Pylon  
  169  11:51  Pylon  
  169  11:53  Pylon  
  169  11:58  Photon Cannon  
  169  11:59  Adept x2  
  169  12:00  Adept  
  175  12:01  Photon Cannon  
  175  12:04  Photon Cannon  
  175  12:06  Pylon  
  175  12:07  Photon Cannon  
  181  12:11  Templar Archives  
  181  12:19  Adept x2  
  181  12:20  Adept x2  
  181  12:22  Adept  
Show
View Real Time Build Order
Export as new Build Order

EJK Terran - Winner!

Build Orders: Cyclone Opening, MMM Bio 

Get SALT Encoding   

  12  0:00  SCV  
  13  0:13  SCV  
  14  0:18  Supply Depot  
  14  0:25  SCV  
  15  0:30  Refinery  
  15  0:40  SCV  
  16  0:45  Barracks  
  16  0:52  SCV  
  17  1:04  SCV  
  18  1:16  SCV  
  19  1:32  Marine  
  19  1:33  Orbital Command  
  19  1:34  Factory  
  20  1:59  Command Center  
  20  2:09  Supply Depot  
  20  2:10  SCV  
  20  2:12  Marine  
  22  2:17  Factory Tech Lab  
  22  2:22  SCV  
  23  2:30  Marine  
  23  2:36  Cyclone  
  27  2:37  SCV  
  27  2:41  Supply Depot  
  28  2:48  Marine  
  30  2:51  SCV  
  30  3:03  SCV  
  31  3:06  Marine  
  31  3:12  Orbital Command  
  32  3:15  SCV  
  33  3:24  Marine  
  34  3:30  SCV  
  34  3:31  Cyclone  
  38  3:42  Command Center, SCV x2, Marine  
  41  3:54  SCV  
  41  3:55  SCV  
  43  3:56  Barracks x2  
  43  4:04  Hellion  
  43  4:07  SCV  
  43  4:08  SCV, Supply Depot  
  47  4:10  Barracks Reactor  
  47  4:14  Refinery  
  47  4:19  Engineering Bay  
  47  4:21  SCV x2  
  49  4:36  SCV x2, Barracks  
  51  4:40  Barracks  
  51  4:45  Missile Turret  
  51  4:46  Missile Turret  
  51  4:48  Marine x2  
  51  4:49  Factory Tech Lab  
  51  4:54  SCV x2  
  51  4:57  Orbital Command  
  53  5:01  Stimpack  
  53  5:06  SCV x2  
  55  5:08  Marine x3  
  55  5:10  Marine  
  59  5:19  SCV x2  
  59  5:20  Starport  
  61  5:22  Terran Infantry Weapons Level 1  
  61  5:28  Marine x5  
  61  5:31  Orbital Command, Marine  
  61  5:33  SCV  
  61  5:35  SCV  
  69  5:39  Factory Reactor  
  69  5:44  Refinery x2  
  69  5:45  Supply Depot  
  69  5:50  Supply Depot, Barracks Reactor  
  69  5:51  Barracks Reactor  
  69  5:53  SCV x2  
  69  5:57  Barracks Tech Lab  
  71  6:05  SCV  
  71  6:06  SCV x2  
  74  6:21  SCV x2  
  74  6:26  SCV  
  74  6:31  Marauder, Marine x2  
  74  6:32  Marine x4, Marauder  
  85  6:33  SCV x2  
  85  6:36  Missile Turret, Medivac x2  
  85  6:38  SCV  
  92  6:41  Supply Depot  
  92  6:43  Supply Depot, Armory  
  92  6:45  SCV  
  93  6:48  Combat Shields  
  93  6:55  Refinery  
  93  6:56  Refinery  
  93  7:02  Concussive Shells  
  93  7:03  SCV x2, Marauder, Marine x4  
  93  7:04  Marine x2  
  93  7:05  SCV, Marauder  
  106  7:11  Supply Depot  
  106  7:12  Engineering Bay  
  106  7:15  SCV x2  
  108  7:22  SCV  
  109  7:33  Medivac x2, Marine x4  
  109  7:35  Terran Infantry Weapons Level 2  
  117  7:44  Terran Infantry Armor Level 1  
  117  7:59  Supply Depot, Terran Ship Weapons Level 1  
  117  8:00  Supply Depot x2  
  117  8:06  Medivac, Marine x4  
  117  8:07  SCV x2  
  125  8:16  Starport  
  125  8:19  Marauder x2, SCV x2, Marine x2, Fusion Core  
  133  8:21  Medivac  
  133  8:22  Command Center  
  135  8:27  Marine  
  135  8:28  Marine x3  
  135  8:31  SCV  
  139  8:37  Marine x2  
  139  8:39  SCV x2  
  139  8:41  Marauder x2  
  147  8:43  SCV  
  147  8:45  Marine  
  149  8:51  Barracks  
  149  8:53  Barracks x2  
  149  8:55  Marine x5  
  149  9:02  Marauder x2  
  157  9:13  Liberator x3  
  157  9:16  Marine x2  
  157  9:17  Marine x2  
  122  9:31  Marine x4  
  117  9:34  Marine x3  
  118  9:42  Missile Turret x2, Terran Infantry Armor Level 2  
  118  9:46  Marine x4  
  118  9:49  Marine x4  
  118  9:52  Marine x2  
  128  9:53  Ghost Academy  
  128  10:02  Marine  
  128  10:04  Marine x4  
  128  10:07  Marine x4  
  121  10:09  Marine  
  121  10:10  Marine  
  126  10:20  Marine  
  127  10:22  Marine x4  
  127  10:24  Marine  
  127  10:25  Medivac x2, Marine x2  
  127  10:27  SCV x3  
  131  10:31  Marine x2  
  129  10:36  Medivac  
  129  10:43  Ghost x2  
  129  10:45  Barracks Tech Lab  
  129  10:47  Barracks Tech Lab  
  133  10:55  Medivac  
  133  10:56  Marine x6  
  143  11:08  Ghost  
  143  11:10  Ghost  
  145  11:12  Ghost  
  145  11:14  Marine x4  
  145  11:16  Marine  
  145  11:17  Missile Turret  
  152  11:19  Liberator  
  152  11:20  SCV x2, Missile Turret  
  152  11:21  Liberator  
  152  11:24  Planetary Fortress  
  154  11:33  SCV x2  
  154  11:34  SCV  
  162  11:50  Marauder x2  
  162  11:51  Supply Depot x2, Marine x2  
  162  11:52  Marine  
  162  11:53  Supply Depot, Marine  
  170  11:54  Marine x2  
  172  12:12  Marine x5  
  177  12:21  Marine  
  177  12:22  Marine x5  
Tags
 
Add a new tag
Caveats
  • Supply blocks, unpowered buildings, or Contaminate may cause inaccurate times.
  • Supply counts are checked every 10 seconds.